 Dungeon Crawl Stone Soup version 0.13-a0-2350-g4422b0a (webtiles) character file.

106 Lekart the Ducker (level 3, -4/30 HPs)
             Began as a Draconian Chaos Knight on July 11, 2013.
             Was a Plaything of Xom.
             Killed from afar by a hobgoblin (32 damage)
             ... with an exploding inner flame
             ... hexed by Xom
             ... on Level 1 of the Dungeon.
             The game lasted 00:03:16 (593 turns).

Lekart the Ducker (Draconian Chaos Knight)           Turns: 593, Time: 00:03:21

HP  -4/30        AC  5     Str 14      XL: 3   Next:  1%
MP   3/3         EV 13     Int 12      God: Xom
Gold 77          SH  0     Dex 13      Spells:  0 memorised,  2 levels left

Res.Fire  : . . .   See Invis. : .   a - +0 mace (chaos)
Res.Cold  : . . .   Warding    : .   (armour unavailable)
Life Prot.: . . .   Conserve   : .   (no shield)
Res.Poison: .       Res.Corr.  : .   (helmet restricted)
Res.Elec. : .       Clarity    : .   (no cloak)
Sust.Abil.: . .     Spirit.Shd : .   (no gloves)
Res.Mut.  : .       Stasis     : .   (no boots)
Res.Rott. : .       Flight     : .   (no amulet)
Saprovore : . . .                    l - +4,+3 ring of slaying {unknown}
                                     f - +2 ring of dexterity

@: not resistant to hostile enchantments, unstealthy
A: unfitting armour, AC +5
a: Renounce Religion


You were on level 1 of the Dungeon.
You worshipped Xom.
You were a beloved toy of Xom.
You were not hungry.

You visited 1 branch of the dungeon, and saw 1 of its levels.

You collected 57 gold pieces.

Inventory:

Hand weapons
 a - a +0,+0 mace of chaos (weapon)
Comestibles
 c - a bread ration
 d - 2 meat rations
Scrolls
 g - a scroll of fog {unknown}
 i - a scroll of remove curse {unknown}
 j - a scroll of enchant armour {unknown}
Jewellery
 f - a +2 ring of dexterity (left hand)
 l - a +4,+3 ring of slaying (right hand) {unknown}
Potions
 e - a potion of mutation {unknown}
 h - a potion of curing {unknown}
 k - a potion of degeneration {unknown}


   Skills:
 - Level 3.2 Fighting
 - Level 3.0 Maces & Flails
 + Level 3.4 Dodging


You had 2 spell levels left.
You didn't know any spells.

Dungeon Overview and Level Annotations

Branches:
Dungeon (1/27)

Altars:


Message History

No target in view!
No target in view!
A hobgoblin comes into view.
A hobgoblin is nearby!
The hobgoblin shouts!
A giant cockroach comes into view.
Xom turns up the heat.
The hobgoblin is filled with an inner flame.
The giant cockroach is filled with an inner flame.
The hobgoblin hits you but does no damage.
You hit the hobgoblin.
The hobgoblin flickers and vanishes!
Deactivating autopickup; reactivate with Ctrl-A.
It hits you but does no damage.
You hit it. You freeze it.
The fiery explosion engulfs the giant cockroach.
The giant cockroach explodes!
The fiery explosion engulfs you!
Your scroll labeled HUISCH RIDGHED catches fire!
Ouch! That really hurt!
You die...

. #.##.##...###.##.##.# #.# #.##.
##### #.##.##.## #.# #.##.
#......... ####.# #.##.
#.#..##.## ####....## #.##.
#.......# .#.#.#.#.###.##§
#.......# ..........# ##§
#.......# .#.#.#.#.###.##.##
#.......## ..............§§@#
#......### .#.#.#.#.#.#####.#
##.....#### ........<..# #.#
#.........# .#.#.#.#.#.# #.##
#.......... ...........# #..#
#.).......#
.#.#.#.#.#.#####..#####..........
.............................###.
.#.#.#.#.###%.....####....%..###.
...###.....>.......[...(#####....


There were no monsters in sight!

Vanquished Creatures
  A giant gecko (D:1)
  An ooze (D:1)
  2 giant cockroaches (D:1)
  4 hobgoblins (D:1)
  A ball python (D:1)
  4 bats (D:1)
  2 giant newts (D:1)
  4 jackals (D:1)
  5 kobolds (D:1)
  2 rats (D:1)
26 creatures vanquished.

Vanquished Creatures (others)
  A giant cockroach (D:1)
1 creature vanquished.

Grand Total: 27 creatures vanquished

Notes
Turn   | Place    | Note
--------------------------------------------------------------
     0 | D:1      | Lekart, the Draconian Chaos Knight, began the quest for the Orb.
     0 | D:1      | Reached XP level 1. HP: 17/17 MP: 1/1
   127 | D:1      | Reached XP level 2. HP: 19/24 MP: 2/2
   173 | D:1      | XOM: harmless Divn miscast
   511 | D:1      | Reached XP level 3. HP: 30/30 MP: 3/3
   591 | D:1      | XOM: inner flame monster(s)
   593 | D:1      | Killed from afar by a hobgoblin

Action                   || total
-------------------------++-------
Melee: Mace              ||    75
 Stab: Sleeping          ||     1
